 Dungeon Sprint DCSS version 0.21.1-1-g345015f (webtiles) character file.

4700000 Fang the Sabretooth (level 17, -15/104 HPs)
             Began as a Felid Fighter on Apr 11, 2018.
             Was a High Priest of Makhleb.
             Demolished by a bag of meat
             ... wielding a +9 war axe
              (18 damage)
             ... in the Dungeon (Sprint VIII: "Arena of Blood").
             The game lasted 00:00:50 (47 turns).

Fang the Sabretooth (Felid Fighter)                   Turns: 47, Time: 00:00:51

Health: -15/104    AC:  3    Str: 18    XL:     17   Next: 76%
Magic:  49/49      EV: 40    Int:  9    God:    Makhleb [*****.]
Gold:   0          SH:  0    Dex: 18    Spells: 70/70 levels left
                                        Lives:  0   Deaths: 3

rFire    . . .     SeeInvis +     - Unarmed
rCold    + . .     Gourm    .   (shield unavailable)
rNeg     . . .     Faith    .   (armour unavailable)
rPois    .         Spirit   .   (helmet unavailable)
rElec    .         Reflect  .   (cloak unavailable)
rCorr    .         Harm     .   (gloves unavailable)
MR       ++...     NoTele   +   (boots unavailable)
Stlth    +++++++++.             (no amulet)
HPRegen  0.27/turn              i - +27000 ring of slaying
MPRegen  0.31/turn              (no ring)

@: quick
A: very small, no armour, no weapons or thrown items, stealth, claws 1, fangs 3,
see invisible, carnivore, speed 1, shaggy fur 3, slow metabolism 1, sharp paws
a: Minor Destruction, Lesser Servant of Makhleb, Major Destruction, Greater
Servant of Makhleb, Renounce Religion


You were in the Dungeon.
You worshipped Makhleb.
Makhleb was extremely pleased with you.
You were not hungry.

You visited 1 branch

Inventory:

Jewellery
 i - a +27000 ring of slaying (left paw)
Scrolls
 h - a scroll of blinking
Potions
 a - a potion of might
 c - a potion of curing
 d - a potion of heal wounds
 e - a potion of haste
 f - 2 potions of magic
 g - a potion of berserk rage
Comestibles
 b - a ration


   Skills:
 O Level 27 Fighting
 O Level 27 Dodging
 O Level 27 Stealth
 O Level 27 Unarmed Combat
 O Level 27 Spellcasting
 O Level 27 Invocations


You had 70 spell levels left.
You didn't know any spells.

Dungeon Overview and Level Annotations

Branches:
Dungeon (1/1)

Altars:
Makhleb

Annotations:
D The Servant


Innate Abilities, Weirdness & Mutations

You cannot wear armour.
You are incapable of wielding weapons or throwing items.
Your paws allow you to move quietly. (Stealth)
You have sharp claws.
You have razor-sharp teeth.
You have supernaturally acute eyesight. (SInv)
You are carnivorous and can eat meat at any time.
You cover ground quickly.
Your thick and shaggy fur keeps you warm. (AC +3, rC+)
You have a slow metabolism.
Your sharp claws are effective at attacking unaware monsters.


Message History

The destroyer blinks!
You hear a shout! x2
The bag of meat misses you.
You hear a shout!
Unknown command.
You eviscerate the large bag of meat!!!!!!!!!!
The large bag of meat explodes!
The fiery explosion engulfs the bag of meat. x3
The fiery explosion engulfs you! Makhleb accepts your kill.
You feel better.
You are engulfed in blazing flames.
You hear a shout! x6
The Servant hits you from afar with a +9 glaive of flaming!!!
Ouch! That really hurt!
* * * LOW HITPOINT WARNING * * *
The Servant burns you!!
* * * LOW HITPOINT WARNING * * *
The bag of meat is engulfed in blazing flames.
The bag of meat hits you with a +9 war axe!!
You die...

... ........... ....
...o..... ..... #..V....#
.#... #.......# ..
.....###.......###...
.O.o....V...o###)o......
...o..#....Oo§§§O%)......
...O#......o#Ooo))#§.....
##o...o.....#§@§._# .....
....#o...§o.#oo..%# ....
....oo#ooOo.@z._.%%......
.V...o.o)oO...###...%....
....o..oO###.o.....###. .
...o...).O.#.Oo....#
o.O.....o.o#.o.....#
oO#.V.......o..oo...
o#.#.#.............


You could see The Servant, a destroyer, a sculptor of flesh, a large bag of meat
(inner flame), 5 meat berserkers and 12 bags of meat.

Vanquished Creatures
  7 ogres (D)
  A two-headed ogre (D)
  9 orcs (D)
17 creatures vanquished.

Notes
Turn   | Place    | Note
-------+----------+-------------------------------------------
     0 | D        | Fang the Felid Fighter began the quest for the Orb.
     0 | D        | Reached XP level 1. HP: 10/10 MP: 2/2
     3 | D        | Noticed a bag of meat
     3 | D        | Noticed a bag of meat
     4 | D        | Became a worshipper of Makhleb the Destroyer
     6 | D        | Noticed a bag of meat
     6 | D        | Noticed a bag of meat
     7 | D        | Noticed a bag of meat
     7 | D        | Killed a bag of meat
     7 | D        | Reached XP level 2. HP: 24/24 MP: 3/3
     7 | D        | Reached XP level 3. HP: 28/28 MP: 4/4
     7 | D        | Reached XP level 4. HP: 32/32 MP: 5/5
     7 | D        | Reached XP level 5. HP: 36/36 MP: 6/6
     7 | D        | Gained mutation: You are covered in thick fur. (AC +2) [Felid growth]
     7 | D        | Reached XP level 6. HP: 40/40 MP: 7/7
     7 | D        | Reached XP level 7. HP: 43/43 MP: 8/8
     7 | D        | Reached XP level 8. HP: 48/48 MP: 9/9
     7 | D        | Reached XP level 9. HP: 51/51 MP: 10/10
     7 | D        | Reached XP level 10. HP: 55/55 MP: 11/11
     7 | D        | Reached XP level 11. HP: 59/59 MP: 12/12
     8 | D        | Noticed a bag of meat
     9 | D        | Noticed a bag of meat
     9 | D        | Noticed a meat berserker
     9 | D        | Noticed a meat berserker
    10 | D        | Killed a meat berserker
    10 | D        | Reached * piety under Makhleb
    10 | D        | Gained mutation: Your thick and shaggy fur keeps you warm. (AC +3, rC+) [Felid growth]
    10 | D        | Reached XP level 12. HP: 68/68 MP: 13/13
    10 | D        | Reached XP level 13. HP: 72/72 MP: 14/14
    13 | D        | Noticed a bag of meat
    13 | D        | Noticed a bag of meat
    13 | D        | Noticed a bag of meat
    13 | D        | Killed a bag of meat
    13 | D        | Reached skill level 27 in Unarmed Combat
    13 | D        | Reached XP level 14. HP: 15/78 MP: 15/15
    14 | D        | Killed a bag of meat
    15 | D        | Killed a bag of meat
    15 | D        | Reached ** piety under Makhleb
    15 | D        | Reached XP level 15. HP: 18/88 MP: 16/16
    17 | D        | Reached skill level 27 in Dodging
    19 | D        | Noticed a meat berserker
    19 | D        | Killed a meat berserker
    19 | D        | Reached skill level 27 in Fighting
    19 | D        | Reached XP level 16. HP: 32/100 MP: 17/17
    21 | D        | Noticed a meat berserker
    21 | D        | Reached *** piety under Makhleb
    22 | D        | Noticed a large bag of meat
    23 | D        | Noticed a meat berserker
    25 | D        | Reached skill level 15 in Spellcasting
    25 | D        | Reached XP level 17. HP: 76/104 MP: 17/37
    25 | D        | Annihilated by a large bag of meat
    26 | D        | Reached XP level 16. HP: -97/100 MP: 17/36
    26 | D        | Noticed a meat berserker
    28 | D        | Noticed a meat berserker
    30 | D        | Noticed a meat berserker
    31 | D        | Noticed a destroyer
    31 | D        | Killed a meat berserker
    31 | D        | Reached **** piety under Makhleb
    32 | D        | Mangled by a meat berserker
    33 | D        | Reached XP level 15. HP: -9/95 MP: 37/38
    33 | D        | Noticed a meat berserker
    34 | D        | Noticed a meat berserker
    34 | D        | Noticed a meat berserker
    36 | D        | Noticed a meat berserker
    36 | D        | Killed a meat berserker
    36 | D        | Reached skill level 27 in Stealth
    36 | D        | Reached XP level 16. HP: 100/100 MP: 39/39
    37 | D        | Noticed a meat berserker
    37 | D        | Noticed The Servant
    38 | D        | Noticed a destroyer
    38 | D        | Killed a meat berserker
    38 | D        | Reached XP level 17. HP: 104/104 MP: 39/45
    39 | D        | Noticed a large bag of meat
    39 | D        | Noticed a meat berserker
    41 | D        | Killed a meat berserker
    41 | D        | Reached ***** piety under Makhleb
    41 | D        | Reached skill level 27 in Spellcasting
    41 | D        | Reached skill level 27 in Invocations
    42 | D        | Noticed a meat berserker
    42 | D        | Noticed a meat berserker
    42 | D        | HP: 3/104 [meat berserker/+9 battleaxe (26)]
    42 | D        | Noticed a destroyer
    43 | D        | Killed a meat berserker
    43 | D        | Reached XP level 18. HP: 3/109 MP: 40/50
    43 | D        | Annihilated by a meat berserker
    44 | D        | Reached XP level 17. HP: -73/104 MP: 40/49
    44 | D        | Noticed a large bag of meat
    46 | D        | Noticed a sculptor of flesh
    47 | D        | Killed a large bag of meat
    47 | D        | HP: 3/104 [The Servant/+9 glaive of flaming (21)]
    47 | D        | Demolished by a bag of meat

Skill      XL: |  1  2  3  4  5  6  7  8  9 10 11 12 13 14 15 16 17 |
---------------+----------------------------------------------------+-----
Fighting       | 13 17 18 22 27 | 27.0
Dodging        | 16 20 22 26 27 | 27.0
Unarmed Combat | 21 26 27 | 27.0
Stealth        | 27 25 | 27.0
Spellcasting   | 23 27 | 27.0
Invocations    | 25 27 | 27.0

Action                   |  1- 3 |  4- 6 |  7- 9 | 10-12 | 13-15 | 16-18 || total
-------------------------+-------+-------+-------+-------+-------+-------++-------
Melee: Unarmed           |     1 |       |       |     1 |     6 |     9 ||    17
Dodge: Dodged            |       |       |       |       |     3 |    10 ||    13
